 Dungeon Crawl Stone Soup version 0.26-a0-651-gb41185065b (webtiles) character file.

Game seed: 8029128743755984520

1339 Irenicus the Geomancer (level 8, 0/62 HPs)
             Began as a Deep Dwarf Earth Elementalist on Oct 6, 2020.
             Was a Follower of Makhleb.
             Shot with an arrow by a centaur (7 damage)
             ... on level 7 of the Dungeon.
             The game lasted 00:23:32 (3188 turns).

Irenicus the Geomancer (DDEE)                       Turns: 3188, Time: 00:23:32

Health: 0/62       AC:  7    Str: 12    XL:     8   Next: 35%
Magic:  7/12       EV: 11    Int: 18    God:    Makhleb [*.....]
Gold:   264        SH:  0    Dex: 13    Spells: 7/13 levels left

rFire    . . .     SeeInvis .   c - +0 dagger
rCold    . . .     Faith    .   (no shield)
rNeg     . . .     Spirit   .   k - +0 ring mail
rPois    .         Reflect  .   (no helmet)
rElec    .         Harm     .   r - +0 cloak
rCorr    +         Rampage  .   (no gloves)
MR       +....                  t - +0 pair of boots
Stlth    +.........             h - amulet of magic regeneration
HPRegen  0.00/turn              g - ring of resist corrosion
MPRegen  0.38/turn              (no ring)

@: non-regenerating
A: damage resistance, heal wounds, sense surroundings 1, no regeneration
a: Heal Wounds, Renounce Religion


You were on level 7 of the Dungeon.
You worshipped Makhleb.
Makhleb was aware of your devotion.
You visited 2 branches of the dungeon, and saw 8 of its levels.

You collected 264 gold pieces.

Inventory:

Hand Weapons
 c - a +0 dagger (weapon)
   (You took it off a kobold on level 2 of the Dungeon)
Armour
 k - a +0 ring mail (worn)
   (You found it on level 2 of the Dungeon)
 r - a +0 cloak (worn)
   (You found it on level 4 of the Dungeon)
 t - a +0 pair of boots (worn)
   (You found it on level 4 of the Dungeon)
Jewellery
 e - an uncursed amulet of reflection
   (You found it on level 5 of the Dungeon)
 g - a ring of resist corrosion (left hand)
   (You found it on level 1 of the Dungeon)
 h - an amulet of magic regeneration (around neck)
   (You found it on level 1 of the Dungeon)
Wands
 x - a wand of paralysis (8)
   (You found it on level 6 of the Dungeon)
Scrolls
 a - 3 scrolls of remove curse
 d - 2 scrolls of teleportation
 f - 5 scrolls of identify
 i - 4 scrolls of magic mapping {unknown}
 n - a scroll of enchant weapon {unknown}
 o - 3 scrolls of enchant armour {unknown}
 y - a scroll of immolation {unknown}
Potions
 b - a potion of magic
 j - a potion of berserk rage {!q}
 q - a potion of lignification {!q}
 s - 2 potions of curing
 v - a potion of flight
 w - a potion of cancellation


   Skills:
 - Level 2.1 Dodging
 - Level 2.4 Stealth
 - Level 3.0 Spellcasting
 - Level 4.0 Conjurations
 - Level 0.8 Transmutations
 + Level 11.6 Earth Magic


You had 7 spell levels left.
You knew the following spells:

 Your Spells              Type           Power        Failure   Level
a - Sandblast             Erth           #####.       1%          1
w - Passwall              Tmut/Erth      ####....     4%          2
x - Stone Arrow           Conj/Erth      ####..       4%          3

Your spell library contained the following spells:

 Spells                   Type           Power        Failure   Level
 Lee's Rapid Deconstruct  Erth           #####.....   9%          5
 Petrify                  Tmut/Erth      ####....     28%         4


Dungeon Overview and Level Annotations

Branches:
Dungeon (7/15)             Temple (1/1) D:5

Altars:
Ashenzari
Cheibriados
Dithmenos
Elyvilon
Fedhas
Gozag
Hepliaklqana
Kikubaaqudgha
Makhleb
Nemelex Xobeh
Okawaru
Qazlal
Ru
Sif Muna
Trog
Uskayaw
Vehumet
Wu Jian
Xom
Yredelemnul
Zin

Annotations:
D:5 Edmund


Innate Abilities, Weirdness & Mutations

You are resistant to damage.
You can heal yourself by infusing magical energy.
You passively map a small area around you.
You do not regenerate.


Message History

You don't have any stones to cast with.
Casting: Sandblast (safe; 1% risk of failure)
Confirm with . or Enter, or press ? or * to list all spells.
Aiming: Stone Arrow (dangerous; 4% risk of failure)
Press: ? - help, Shift-Dir - straight line, f/p - orc
Aim: an orc, wearing a +0 scale mail (almost dead)
The stone arrow hits the orc!
You kill the orc!
Makhleb accepts your kill.
You now have 1/12 mp.
Things that are here:
a +0 scale mail; an orc corpse Search for what [? for help]? stone Can't find anything matching that.
An ice beast comes into view.
Casting: Stone Arrow (dangerous; 4% risk of failure)
Confirm with . or Enter, or press ? or * to list all spells.
You can't see any susceptible monsters within range! (Use Z to cast anyway.)
There is an opulent altar of Gozag here.
Casting: Stone Arrow (dangerous; 4% risk of failure)
Confirm with . or Enter, or press ? or * to list all spells.
You can't see any susceptible monsters within range! (Use Z to cast anyway.) MP restored: 12
Okay, then.
Okay, then.
There is a stone staircase leading up here.
Casting: Stone Arrow (dangerous; 4% risk of failure)
Confirm with . or Enter, or press ? or * to list all spells.
Aiming: Stone Arrow (dangerous; 4% risk of failure)
Press: ? - help, Shift-Dir - straight line, f - ice beast
Aim: an ice beast The stone arrow hits the ice beast!
The ice beast is moderately wounded.
You now have 9/12 mp.
Casting: Stone Arrow (dangerous; 4% risk of failure)
Confirm with . or Enter, or press ? or * to list all spells.
Aiming: Stone Arrow (dangerous; 4% risk of failure)
Press: ? - help, Shift-Dir - straight line, f/p - ice beast
Aim: an ice beast (moderately wounded)
The stone arrow hits the ice beast!
The ice beast is severely wounded.
You now have 6/12 mp.
Casting: Stone Arrow (dangerous; 4% risk of failure)
Confirm with . or Enter, or press ? or * to list all spells.
Aiming: Stone Arrow (dangerous; 4% risk of failure)
Press: ? - help, Shift-Dir - straight line, f/p - ice beast
Aim: an ice beast (severely wounded)
The stone arrow hits the ice beast!
The ice beast is almost dead.
You now have 4/12 mp.
Casting: Stone Arrow (dangerous; 4% risk of failure)
Confirm with . or Enter, or press ? or * to list all spells.
Aiming: Stone Arrow (dangerous; 4% risk of failure)
Press: ? - help, Shift-Dir - straight line, f/p - ice beast
Aim: an ice beast (almost dead)
The stone arrow hits the ice beast!
You kill the ice beast!
Makhleb accepts your kill.
You now have 1/12 mp.
You see here a +0 hand axe.
Items here: )) = [.
You see here a +0 short sword.
Found an escape hatch in the ceiling.
s - 2 potions of curing (gained 1)
A centaur comes into view.
The centaur shouts!
The centaur wields a +0 shortbow.
The centaur shoots an arrow.
The arrow hits you but does no damage.
You see here an arrow.
A sky beast comes into view.
The centaur shoots an arrow.
The arrow misses you.
You see here an arrow.
MP restored: 12 The centaur shoots an arrow.
The arrow hits you.
* * * LOW HITPOINT WARNING * * *
You take 2 damage, and have 9/62 hp.
Casting: Stone Arrow (dangerous; 4% risk of failure)
Confirm with . or Enter, or press ? or * to list all spells.
Aiming: Stone Arrow (dangerous; 4% risk of failure)
Press: ? - help, Shift-Dir - straight line, f - centaur
Aim: a centaur, wielding a +0 shortbow and quivering 18 arrows The stone arrow hits the centaur!
The centaur is heavily wounded.
You now have 9/12 mp.
Casting: Stone Arrow (dangerous; 4% risk of failure)
Confirm with . or Enter, or press ? or * to list all spells.
You can't see any susceptible monsters within range! (Use Z to cast anyway.)
The centaur shoots an arrow.
The arrow hits you.
* * * LOW HITPOINT WARNING * * *
You see here an arrow.
You take 2 damage, and have 7/62 hp.
Casting: Stone Arrow (dangerous; 4% risk of failure)
Confirm with . or Enter, or press ? or * to list all spells.
Aiming: Stone Arrow (dangerous; 4% risk of failure)
Press: ? - help, Shift-Dir - straight line, f/p - centaur
Aim: a centaur, wielding a +0 shortbow and quivering 17 arrows (heavily wounded)
The stone arrow hits the centaur!
The centaur is almost dead.
The centaur shoots an arrow.
The arrow hits you!
You die...

, ,...........##.#.8...8. *
,,,,,......##.###..#.......
,*#.....#... ##....._... ,
## .......## #.#....... ,
.#.. ##......####.#.8...8.
,
.....##.......#....##.....#
.Y....(.c##.......<####.###
........((#........#..#....
....##....@.........#.#...#
........##..##......#.....#
.......#############.......
...... ** * #8## #.......
#..### * 8...8##.......
##., *,, .....##....... ,,
* ., , .....>#.)..... , *,
, .....##..=)... , , , 8
8...8##..#)...


You could see a centaur.

Vanquished Creatures
  2 ice beasts
  2 phantoms
  An ogre (D:6)
  A centaur (D:5)
  Blork the orc (D:5)
  A bullfrog (D:6)
  3 scorpions
  A howler monkey (D:4)
  A centaur zombie (D:5)
  An orc priest (D:7)
  2 hounds
  An orc wizard (D:6)
  2 iguanas (D:7)
  4 worker ants
  2 hound skeletons
  A worker ant zombie (D:6)
  An adder (D:3)
  3 gnolls (D:6)
  A white imp (D:3)
  2 adder skeletons
  An adder zombie (D:6)
  2 worms (D:2)
  5 dart slugs (D:2)
  2 leopard geckos
  18 orcs
  4 bats
  A giant cockroach (D:2)
  A goblin (D:2)
  6 hobgoblins
  6 jackals
  3 quokkas
  4 ball pythons
  5 frilled lizards
  A jackal zombie (D:6)
  5 kobolds
  A quokka skeleton (D:5)
  9 rats
107 creatures vanquished.

Vanquished Creatures (others)
  8 plants (D:5)
8 creatures vanquished.

Grand Total: 115 creatures vanquished

Notes
Turn   | Place    | Note
-------+----------+-------------------------------------------
     0 | D:1      | Irenicus the Deep Dwarf Earth Elementalist began the quest
                  | for the Orb.
     0 | D:1      | Reached XP level 1. HP: 15/15 MP: 3/3
   276 | D:2      | Reached skill level 2 in Spellcasting
   319 | D:2      | Reached XP level 2. HP: 20/22 MP: 1/5
   419 | D:2      | Learned a level 2 spell: Passwall
   491 | D:2      | Reached XP level 3. HP: 24/28 MP: 1/6
   543 | D:2      | Reached skill level 5 in Earth Magic
   994 | D:3      | HP: 6/28 [white imp (2)]
  1039 | D:3      | Reached XP level 4. HP: 36/36 MP: 6/8
  1176 | D:4      | Reached skill level 3 in Spellcasting
  1326 | D:4      | Reached skill level 6 in Earth Magic
  1349 | D:4      | Reached XP level 5. HP: 37/42 MP: 3/9
  1407 | D:4      | Reached skill level 7 in Earth Magic
  1412 | D:4      | Learned a level 3 spell: Stone Arrow
  1650 | D:5      | Entered Level 5 of the Dungeon
  1653 | D:5      | Found an iron altar of Okawaru.
  1653 | D:5      | Noticed a phantom
  1662 | D:5      | Reached skill level 1 in Conjurations
  1664 | D:5      | Reached XP level 6. HP: 18/49 MP: 2/10
  1671 | D:5      | HP: 10/49 [phantom (3)]
  1684 | D:5      | Reached skill level 2 in Conjurations
  1685 | D:5      | Reached skill level 3 in Conjurations
  1685 | D:5      | Reached skill level 8 in Earth Magic
  1786 | D:5      | Reached XP level 7. HP: 19/55 MP: 4/11
  1789 | D:5      | Found a staircase to the Ecumenical Temple.
  1819 | Temple   | Entered the Ecumenical Temple
  1921 | Temple   | Became a worshipper of Makhleb the Destroyer
  1975 | D:5      | Noticed Blork the orc
  2076 | D:5      | HP: 13/55 [Blork the orc/magic dart (5)]
  2079 | D:5      | Killed Blork the orc
  2120 | D:5      | Noticed Edmund
  2182 | D:6      | Reached skill level 4 in Conjurations
  2357 | D:6      | Reached skill level 9 in Earth Magic
  2607 | D:6      | Reached * piety under Makhleb
  2779 | D:6      | Reached skill level 10 in Earth Magic
  2862 | D:6      | HP: 12/55 [hound (1)]
  2865 | D:6      | Reached XP level 8. HP: 12/62 MP: 3/12
  2952 | D:7      | Reached skill level 11 in Earth Magic
  3050 | D:7      | HP: 6/62 [orc priest/divine providence (6)]
  3062 | D:7      | Found an opulent altar of Gozag.
  3185 | D:7      | HP: 9/62 [centaur/arrow (2)]
  3188 | D:7      | Shot with an arrow by a centaur

Illustrated notes

Levels and vault maps discovered:
D:1:      giann_horns, layout_basic
D:2:      layout_loops_cross
D:3:      layout_rooms
D:4:      layout_loops_ring, minmay_pentomino_pile
D:5:      layout_rooms, minmay_temple_entry_nine_rooms, serial_bayou_lagoon_a,
          okawaru_ov_weapons_minmay, uniq_blork_the_orc, uniq_edmund
D:6:      layout_loops_corners
D:7:      layout_cave_pools, nicolae_overflow_hidden_temple,
          grunt_gozag_statues, uniq_crazy_yiuf_cottage
Temple:   roderic_octagonal_lattice_temple

Skill      XL: |  1  2  3  4  5  6  7  8 |
---------------+-------------------------+-----
Spellcasting   | 2 3 |  3.0
Earth Magic    | 5 6 7 8 10 11 | 11.6
Conjurations   | 1 3 4 |  4.0
Dodging        | |  2.1
Stealth        | |  2.4
Transmutations | |  0.8

Action                   |  1- 3 |  4- 6 |  7- 9 || total
-------------------------+-------+-------+-------++-------
Melee: Dagger            |     1 |    13 |     2 ||    16
 Cast: Sandblast         |    74 |    48 |    22 ||   144
       Passwall          |     7 |     4 |     3 ||    14
       Stone Arrow       |       |     7 |    70 ||    77
  Use: Potion            |     1 |     1 |       ||     2
       Scroll            |       |     7 |     6 ||    13
 Stab: Sleeping          |     1 |       |       ||     1
Armor: Robe              |     1 |       |       ||     1
       Leather armour    |     7 |       |       ||     7
       Ring mail         |     2 |    17 |     7 ||    26
Dodge: Dodged            |    22 |    19 |    14 ||    55

Table legend: (Time is in decaauts)
 A = Elapsed time spent in this place.
 B = Non-inter-level travel time spent in this place.
 C = Inter-level travel time spent in this place.
 D = Time resting spent in this place.
 E = Time spent auto-exploring this place.
 F = Levels seen in this place.
 G = Mean time per level.
                   A        B        C        D        E       F      G
               +--------+--------+--------+--------+--------+-----+--------+
         Total |   3194 |   3143 |     51 |      0 |      0 |   8 |  399.2 |
       Dungeon |   3075 |   3034 |     41 |      0 |      0 |   7 |  439.3 |
        Temple |    118 |    108 |     10 |      0 |      0 |   1 |  118.0 |
               +--------+--------+--------+--------+--------+-----+--------+

Top non-repeatable levels by time:
     D:6: 728 daAuts
     D:2: 511 daAuts
     D:4: 497 daAuts
     D:5: 466 daAuts
     D:1: 406 daAuts
     D:3: 251 daAuts
     D:7: 212 daAuts
  Temple: 118 daAuts

Table legend:
 A = Kills in this place as a percentage of kills in entire the game.
 B = Kills by you in this place as a percentage of kills by you in the entire game.
 C = Kills by friends in this place as a percentage of kills by friends in the entire game.
 D = Other kills in this place as a percentage of other kills in the entire game.
 E = Experience gained in this place as a percentage of experience gained in the entire game.
 F = Experience gained in this place divided by the number of levels of this place that you have seen.
                   A       B       C       D       E      F
               +-------+-------+-------+-------+-------+----------------------
         Total | 100.0 | 100.0 |   N/A |   N/A | 100.0 | 239.1
       Dungeon | 100.0 | 100.0 |   N/A |   N/A | 100.0 | 273.3
               +-------+-------+-------+-------+-------+----------------------
